 Dungeon Crawl Stone Soup version 0.29-a0-294-g83ea962da3 (webtiles) character file.

Game seed: 10163728212489356555

27 esteth the Skirmisher (level 3, -2/20 HPs)
             Began as a Vine Stalker Fighter on Mar 18, 2022.
             Slain by a dart slug (3 damage)
             ... on level 2 of the Dungeon.
             The game lasted 00:01:21 (1329 turns).

esteth the Skirmisher (Vine Stalker Fighter)        Turns: 1329, Time: 00:01:22

Health: -2/20      AC:  6    Str: 18    XL:     3   Next: 10%
Magic:  0/5        EV:  9    Int: 10    God:
Gold:   53         SH:  4    Dex: 13    Spells: 4/4 levels left

rFire   . . .      SeeInvis .     - Unarmed
rCold   . . .      Faith    .   b - +0 buckler
rNeg    . . .      Spirit   +   a - +0 scale mail
rPois   .          Reflect  .   o - +0 hat
rElec   .          Harm     .   (no cloak)
rCorr   .          Rampage  .   (no gloves)
Will    .....                   (no boots)
Stlth   ..........              (no amulet)
HPRegen 0.06/turn               (no ring)
MPRegen 0.09/turn               (no ring)

@: mighty, slowed, very slow
A: fangs 2, magic shield, antimagic bite, no potion heal 2
a: no special abilities


You were on level 2 of the Dungeon.
You visited 1 branch of the dungeon, and saw 2 of its levels.

You collected 53 gold pieces.


Innate Abilities, Weirdness & Mutations

You have extremely sharp teeth.
When hurt, damage is shared between your health and your magic reserves.
Your bite disrupts and absorbs the magic of your enemies.
Potions cannot restore your health.


   Skills:
 + Level 3.0 Fighting
 - Level 2.4 Armour
 - Level 2.6 Shields
 * Level 2.8 Unarmed Combat
 + Level 1.1 Spellcasting


You had 4 spell levels left.
You didn't know any spells.
Your spell library contained the following spells:

 Spells                   Type           Power      Damage    Failure   Level
 Slow                     Hex            0%         N/A       82%         1
 Confusing Touch          Hex            0%         N/A       99%         3
 Vampiric Draining        Necr           0%         2d6       99%         3

Inventory:

Missiles
 h - 52 stones (quivered)
 i - 5 boomerangs
Armour
 a - a +0 scale mail (worn)
 b - a +0 buckler (worn)
 j - a +0 robe
   (You found it on level 1 of the Dungeon)
 n - a +0 robe
   (You found it on level 1 of the Dungeon)
 o - a +0 hat (worn)
   (You found it on level 1 of the Dungeon)
Scrolls
 d - a scroll of enchant armour {unknown}
 g - a scroll of magic mapping {unknown}
 k - a scroll of amnesia {unknown}
 m - a scroll of fear {unknown}
 p - 5 scrolls of identify {unknown}
 q - a scroll of teleportation {unknown}
Potions
 e - a potion of heal wounds {unknown}
 f - a potion of flight {unknown}
 l - 2 potions of brilliance {unknown}

Dungeon Overview and Level Annotations

Branches:
Dungeon (2/15)

Altars:

## #####......###
...###............##
.......##..........#
............†.......
#.....[...>........
###................
....................
.......!............
...........@..#...$.
...#..##...wg##...##
.....# #####...
...## .#... ..
.#....# .. .... ..
... ... ...


You could see a dart slug and a goblin.


Message History

You now have 40 gold pieces (gained 10).
You see here a +0 whip.
Things that are here:
a +0 club; a +0 flail; 😎 HP[+1]
Your hp is fully restored (20).
You open the door.
There is an open door here.
You pick up a book of Debilitation and begin reading...
You add the spells Slow, Vampiric Draining and Confusing Touch to your library.
q - a scroll labelled BUBBUZOMOTSU A bat comes into view.
The bat completely misses you.
You completely miss the bat. Your bite misses the bat.
The bat hits you but does no damage. The bat hits you. 😕 HP[-1]
You take 1 damage, and now have 19/20 hp.
You closely miss the bat. You bite the bat.
You kill the bat!
No target in view!
No target in view!
Done exploring. 😎 HP[+1]
Your hp is fully restored (20).
Done exploring.
(D) Dungeon
Where to? (? - help)
What level of the Dungeon? (default 1, ? - help)
There is a stone staircase leading down here.
You climb downwards.
There is a stone staircase leading up here.
Found a stone staircase leading down.
You see here a +0 club.
A rat comes into view.
A rat is nearby!
You see here 13 gold pieces.
The rat barely misses you.
You hit the rat but do no damage. You block the rat's attack.
You punch the rat!
You kill the rat!
No target in view!
You now have 53 gold pieces (gained 13).
Natasha, Servant of Life and Death comes into view.
Natasha hisses angrily.
You see here a +0 ring mail.
Natasha stares at you and mumbles some strange words.
The magic dart hits you. 😮 HP[-5] MP[-1]
You take 5 damage, and now have 15/20 hp.
MASSIVE DAMAGE!! (PAUSE)
You lost 1 mp, and now have 4/5 mp.
You are too injured to fight recklessly!
You are too injured to fight recklessly!
A dart slug comes into view.
Natasha casts a spell at you. You resist with some effort.
Natasha casts a spell at you.
You feel yourself slow down.
You hit Natasha. Your bite misses Natasha. Natasha barely misses you.
Natasha claws you. 😮 HP[-4] MP[-2]
You take 4 damage, and now have 11/20 hp.
You lost 2 mp, and now have 2/5 mp.
You punch Natasha!
Natasha stares at you and mumbles some strange words.
The magic dart hits you.
* * * LOW HITPOINT WARNING * * *
The dart slug bites you but does no damage.
Natasha claws you!
* * * LOW HITPOINT WARNING * * *
😱 HP[-10] MP[-2]
You take 10 damage, and now have 1/20 hp.
MASSIVE DAMAGE!! (PAUSE)
You lost 2 mp, and now have 0/5 mp.
You feel very mighty all of a sudden. Natasha barely misses you.
The dart slug bites you but does no damage.
You closely miss Natasha.
Natasha wildly gestures.
Natasha shimmers violently.
Natasha stares at you and mumbles some strange words.
You feel as though you will be slow longer.
A goblin comes into view. It is wielding a +0 club.
The dart slug bites you but does no damage.
You block Natasha's attack.
The goblin shouts! 😱 HP[+1] MP[+1]
You barely miss Natasha.
You hear a shout!
Natasha claws you.
* * * LOW HITPOINT WARNING * * *
The dart slug bites you but does no damage.
You hear an angry hiss. 😱 HP[-1] MP[-1]
You take 1 damage, and now have 1/20 hp.
You lost 1 mp, and now have 0/5 mp.
You punch Natasha!
You kill Natasha!
Natasha screams in pain as she dies!
The dart slug bites you.
You die...

Skill      XL: |  1  2  3 |
---------------+----------+-----
Spellcasting   | 1 |  1.1
Fighting       | 3 |  3.0
Armour         | |  2.4
Shields        | |  2.6
Unarmed Combat | |  2.8

Action                   || total
-------------------------++-------
Melee: Unarmed           ||    65
       Bite              ||    10
  Use: Potion            ||     1
Armor: Scale mail        ||    26
Dodge: Dodged            ||    20
Block: Buckler           ||    11

Levels and vault maps discovered:
D:1:      sevenhm_arrival_forest_fort_large_4, layout_basic
D:2:      layout_rooms, serial_bayou_crossing, uniq_natasha

Notes
Turn   | Place    | Note
-------+----------+-------------------------------------------
     0 | D:1      | esteth the Vine Stalker Fighter began the quest for the
                  | Orb.
     0 | D:1      | Reached XP level 1. HP: 11/11 MP: 2/2
     0 | D:1      | magus.rc [v1.11.3]
   385 | D:1      | Reached XP level 2. HP: 13/16 MP: 3/3
   686 | D:1      | HP: 4/16 [gnoll/+0 flail (7)]
   689 | D:1      | Reached skill level 1 in Spellcasting
   693 | D:1      | Reached XP level 3. HP: 3/19 MP: 5/5
   972 | D:1      | Reached skill level 3 in Fighting
  1221 | D:1      | You pick up a book of Debilitation and begin reading...
  1221 | D:1      | You add the spells Slow, Vampiric Draining and Confusing
                  | Touch to your library.
  1319 | D:2      | Noticed Natasha
  1325 | D:2      | HP: 1/20 [Natasha (6)]
  1329 | D:2      | Killed Natasha
  1329 | D:2      | Slain by a dart slug

Vanquished Creatures
  Natasha (D:2)
  A gnoll (D:1)
  2 ball pythons (D:1)
  2 endoplasms (D:1)
  A hobgoblin (D:1)
  A quokka (D:1)
  4 bats (D:1)
  3 frilled lizards (D:1)
  A goblin (D:1)
  2 kobolds (D:1)
  3 rats
21 creatures vanquished.

Table legend:
 A = Non-vault XP
 B = Vault XP
 C = Vault XP percentage of total XP
 D = Non-vault monster count
 E = Vault monster count
 F = Vault count percentage of total count
                 A         B        C        D         E       F
            +---------+---------+-------+---------+---------+-------
      Total |      39 |      35 |  47.3 |      20 |       1 |   4.8
            +---------+---------+-------+---------+---------+-------
        D:1 |      38 |       0 |   0.0 |      19 |       0 |   0.0
        D:2 |       1 |      35 |  97.2 |       1 |       1 |  50.0
            +---------+---------+-------+---------+---------+-------

Illustrated notes

Table legend:
 A = Kills in this place as a percentage of kills in entire the game.
 B = Kills by you in this place as a percentage of kills by you in the entire game.
 C = Kills by friends in this place as a percentage of kills by friends in the entire game.
 D = Other kills in this place as a percentage of other kills in the entire game.
 E = Experience gained in this place as a percentage of experience gained in the entire game.
 F = Experience gained in this place divided by the number of levels of this place that you have seen.
                   A       B       C       D       E      F
               +-------+-------+-------+-------+-------+----------------------
         Total | 100.0 | 100.0 |   N/A |   N/A | 100.0 |  37.0
       Dungeon | 100.0 | 100.0 |   N/A |   N/A | 100.0 |  37.0
               +-------+-------+-------+-------+-------+----------------------

Table legend: (Time is in decaauts)
 A = Elapsed time spent in this place.
 B = Non-inter-level travel time spent in this place.
 C = Inter-level travel time spent in this place.
 D = Time resting spent in this place.
 E = Time spent auto-exploring this place.
 F = Levels seen in this place.
 G = Mean time per level.
                   A        B        C        D        E       F      G
               +--------+--------+--------+--------+--------+-----+--------+
         Total |   1331 |   1319 |     12 |      0 |   1182 |   2 |  665.5 |
       Dungeon |   1331 |   1319 |     12 |      0 |   1182 |   2 |  665.5 |
               +--------+--------+--------+--------+--------+-----+--------+

Top non-repeatable levels by time:
     D:1: 1303 daAuts
     D:2: 28 daAuts
